 Dungeon Crawl Stone Soup version 0.21.1-1-g345015fe64 (webtiles) character file.

49 Kagerus the Insei (level 3, 0/23 HPs)
             Began as an Octopode Transmuter on June 17, 2018.
             Slain by an orc
             ... wielding a +0 short sword of freezing
              (6 damage)
             ... on level 3 of the Dungeon.
             The game lasted 00:04:40 (1703 turns).

Kagerus the Insei (Octopode Transmuter)             Turns: 1703, Time: 00:04:41

Health: 0/23       AC:  1    Str: 10    XL:     3   Next: 77%
Magic:  5/6        EV: 13    Int: 15    God:
Gold:   155        SH:  0    Dex: 12    Spells: 5/6 levels left

rFire    . . .     SeeInvis .     - Unarmed
rCold    . . .     Gourm    .   (no shield)
rNeg     . . .     Faith    .   (helmet restricted)
rPois    .         Spirit   .   (no amulet)
rElec    .         Reflect  .   (no ring)
rCorr    .         Harm     .   (no ring)
MR       .....                  (no ring)
Stlth    ++........             (no ring)
HPRegen  0.07/turn              (no ring)
MPRegen  0.10/turn              (no ring)
                                (no ring)
                                (no ring)

@: appendage (expiring)
A: almost no armour, stealthy swim, amphibious, 8 rings, constrict 8, tentacle
spike 3, camouflage 1, gelatinous body 1
a: End Transformation


You were on level 3 of the Dungeon.
You were hungry.
One of your tentacles had a temporary spike.
You visited 1 branch of the dungeon, and saw 3 of its levels.

You collected 155 gold pieces.

Inventory:

Missiles
 a - 19 arrows
 i - 67 sling bullets
Jewellery
 f - a +2 ring of evasion {unknown}
Scrolls
 e - 2 scrolls of remove curse {unknown}
 g - 3 scrolls of identify
Potions
 d - 2 potions of might
 k - a potion of degeneration {unknown}
Books
 b - a book of Changes

   Spells                             Type                      Level
   a - Beastly Appendage              Transmutation                1
   b - Sticks to Snakes               Transmutation                2
   c - Spider Form                    Transmutation/Poison         3
   d - Ice Form                       Ice/Transmutation            4
   e - Blade Hands                    Transmutation                5
Comestibles
 c - 2 rations


   Skills:
 - Level 1.0 Fighting
 - Level 2.0 Dodging
 + Level 4.6 Unarmed Combat
 - Level 2.0 Spellcasting
 - Level 2.0 Transmutations


You had 5 spell levels left.
You knew the following spells:

 Your Spells              Type           Power        Failure   Level  Hunger
a - Beastly Appendage     Tmut           #.....       10%         1    #......


Dungeon Overview and Level Annotations

Branches:
Dungeon (3/15)

Altars:

Annotations:
D:2 Sigmund


Innate Abilities, Weirdness & Mutations

You cannot wear most types of armour.
You are very stealthy in the water. (Stealth+)
You are amphibious.
You can wear up to eight rings at the same time.
You can use your tentacles to constrict eight enemies at once.
Your skin changes colour to match your surroundings (Stealth+).
Your rubbery body absorbs attacks. (AC +1, EV +1)
One of your tentacles bears a large vicious spike.


Message History

You constrict the orc. The orc hits you but does no damage.
The orc closely misses you.
You tentacle-slap the orc.
You kill the orc!
The orc misses you.
You barely miss the orc. Your grab misses the orc. The rat bites you.
The orc hits you with a short sword of freezing.
The orc freezes you. The orc closely misses you.
You tentacle-slap the orc but do no damage.
You grab the orc.
Your transformation is almost over.
You constrict the orc. The rat misses you.
The orc hits you with a short sword of freezing.
The orc freezes you. The orc hits you with a short sword.
* * * LOW HITPOINT WARNING * * *
You closely miss the rat. Your grab misses the rat.
Your tentacle spike misses the rat.
You constrict the orc. The rat closely misses you.
The orc hits you with a short sword of freezing.
You die...

##### #..$#
#########.#.###
#.............#
#.#####.##....# #######
#.# #.......#
..?...o###.#######.#..##
#o@r...........>.#
#..###.#########.(#
..... ...########..#
....... .#...........#
.#####. #r .#######...#
.. .. ## #...## .. ..
#..... #. #.#.## #.#.#


You could see 2 orcs and a rat.

Vanquished Creatures
  A gnoll (D:1)
  An adder skeleton (D:2)
  A worm (D:2)
  An orc (D:3)
  3 giant cockroaches
  3 goblins
  5 hobgoblins
  4 kobolds
  4 bats
  4 frilled lizards
  4 rats
31 creatures vanquished.

Notes
Turn   | Place    | Note
-------+----------+-------------------------------------------
     0 | D:1      | Kagerus the Octopode Transmuter began the quest for the Orb.
     0 | D:1      | Reached XP level 1. HP: 13/13 MP: 3/3
   366 | D:1      | Reached XP level 2. HP: 17/18 MP: 3/5
   416 | D:1      | Reached skill level 4 in Unarmed Combat
   749 | D:1      | Reached XP level 3. HP: 19/23 MP: 4/6
  1375 | D:2      | Noticed Sigmund
  1703 | D:3      | Slain by an orc

Skill      XL: |  1  2 |
---------------+-------+-----
Unarmed Combat | 4 |  4.6
Fighting       | |  1.0
Dodging        | |  2.0
Spellcasting   | |  2.0
Transmutations | |  2.0

Action                   || total
-------------------------++-------
Melee: Unarmed           ||    75
       Constrict         ||    22
       Kick              ||     9
       Tentacles         ||     7
       Punch             ||     2
 Cast: Beastly Appendage ||    18
  Use: Potion            ||     3
       Scroll            ||     1
 Stab: Sleeping          ||     3
  Eat: Chunk             ||     2
Armor: Skin              ||    12
Dodge: Dodged            ||    52
